 Dungeon Crawl Stone Soup version 0.25-a0-265-g7af84ae0ac (webtiles) character file.

Game seed: 14325804638312646739, levelgen mode: deterministic

0 Gargoyl the Skirmisher (level 1, -1/19 HPs)
             Began as a Centaur Abyssal Knight on Dec 8, 2019.
             Was a Follower of Lugonu.
             Killed from afar by a raiju (9 damage)
             ... with a living lightning
             ... on level 5 of the Abyss.
             The game lasted 00:01:28 (293 turns).

Gargoyl the Skirmisher (Centaur Abyssal Knight)      Turns: 293, Time: 00:01:29

Health: -1/19      AC:  4    Str:  7 (10) XL:     1   Next: 0%
Magic:  2/2        EV:  8    Int:  7 (11) God:    Lugonu [*.....]
Gold:   10         SH:  0    Dex:  7 (8)  Spells: 0/0 levels left

rFire    . . .     SeeInvis .   d - +0 demon whip
rCold    . . .     Gourm    .   (no shield)
rNeg     . . .     Faith    .   b - +0 leather armour
rPois    .         Spirit   .   (no helmet)
rElec    .         Reflect  .   (no cloak)
rCorr    .         Harm     .   (no gloves)
MR       .....     Rnd*Rage +   (no barding) Stlth ..........Rnd*Tele +
                                (no amulet)
HPRegen  0.00/turn              (no ring)
MPRegen  0.08/turn              (no ring)

@: very quick
A: large, hooves 3, [berserk 2], [blurry vision 2], deformed body, speed 2,
[inhibited regeneration], [teleportitis 2], tough skin 3, [weak 2]
a: Depart the Abyss, Renounce Religion


You were on level 5 of the Abyss.
You worshipped Lugonu.
Lugonu was aware of your devotion.
You were not hungry.

You visited 0 branches of the dungeon, and saw 0 of its levels.
You visited the Abyss 1 time.

You collected 10 gold pieces.

Inventory:

Hand Weapons
 a - a +1 hand axe
 d - a +0 demon whip (weapon)
Armour
 b - a +0 leather armour (worn)
Wands
 e - a wand of iceblast (2)
Comestibles
 c - 2 rations


   Skills:
 + Level 3.0 Fighting
 + Level 1.7 Axes
 + Level 1.3 Armour
 + Level 0.6 Dodging
 + Level 2.0 Invocations


You couldn't memorise any spells.
You didn't know any spells.
Your spell library was empty.

Dungeon Overview and Level Annotations

Branches:
Dungeon (0/15)

Altars:


Innate Abilities, Weirdness & Mutations

You have hooves in place of feet.
Armour fits poorly on your strangely shaped body.
You cover ground very quickly.
You have extremely tough skin. (AC +3)
[You often lose your temper in combat.]
[Scrolls take you longer to read.]
[You do not regenerate when monsters are visible.]
[You are sometimes teleported next to monsters.]
[You are very weak. (Str -4)]


Message History

Unknown command.
Unknown command.
You escape the starspawn tentacle's grasp.
The glowing orange brain pulsates.
Something tries to feed on your intellect!
A large abomination comes into view.
You are no longer terrified.
A raiju comes into view.
The raiju barks!
The glowing orange brain blinks!
A starcursed mass comes into view.
A raiju comes into view.
The raiju barks!
You hear a bark!
A raiju comes into view. x2
The starcursed mass shrieks in your mind.
The raiju barks!
You hear a bellow!
The raiju bursts into living lightning!
The living lightning hits you!
You die...

.
#..#...###.X.≈..
. #.##
..##.§.─#.......
#...##.##.###X...
.. #..##....#
##.#..#
#.....##...#..#.#
#.#..#..#.....##.
# #...###.#.#.
##..
#.##..##...#X #.#
.
#..@......#.#.#..
.# #.##.#.X#h....
#. . #...##....X.
..##. #..#h .#.##
§§## #..##..#. .
X ...##h ## .#.#
# . ..


You could see a starcursed mass and a raiju.

Vanquished Creatures (others)
  6 starspawn tentacles (Abyss:5)
6 creatures vanquished.

Notes
Turn   | Place    | Note
-------+----------+-------------------------------------------
     0 | Abyss:1  | Gargoyl the Centaur Abyssal Knight began the quest for the
                  | Orb.
     0 | Abyss:1  | Reached XP level 1. HP: 19/19 MP: 2/2
    57 | Abyss:1  | Noticed a small abomination
    64 | Abyss:1  | Noticed a large abomination
    69 | Abyss:1  | Noticed a crimson imp
    69 | Abyss:1  | Noticed a wretched star
    98 | Abyss:1  | Noticed a small abomination
    98 | Abyss:1  | Noticed a small abomination
   158 | Abyss:1  | Noticed a small abomination
   201 | Abyss:2  | Noticed a thrashing horror
   234 | Abyss:5  | Entered Level 5 of the Abyss
   248 | Abyss:5  | Noticed a spatial vortex
   267 | Abyss:5  | Noticed a tentacled starspawn
   275 | Abyss:5  | Noticed a tentacled starspawn
   280 | Abyss:5  | Noticed a glowing orange brain
   288 | Abyss:5  | Noticed a large abomination
   291 | Abyss:5  | Noticed a raiju
   291 | Abyss:5  | Noticed a starcursed mass
   292 | Abyss:5  | Noticed a raiju
   292 | Abyss:5  | Noticed a raiju
   292 | Abyss:5  | Noticed a raiju
   293 | Abyss:5  | Killed from afar by a raiju

Levels and vault maps discovered:
Abyss:5:  lemuel_flamethrower_3, abyss_exit_lava,
          hangedman_abyss_rune_flesh_and_stone

Action                   || total
-------------------------++-------
Melee: Demon whip        ||     4
  Use: Scroll            ||     5
       Potion            ||     1
Armor: Leather armour    ||     1

Table legend:
 A = Non-vault XP
 B = Vault XP
 C = Vault XP percentage of total XP
 D = Non-vault monster count
 E = Vault monster count
 F = Vault count percentage of total count
                 A         B        C        D         E       F
            +---------+---------+-------+---------+---------+-------
      Total |       0 |       0 |   N/A |       0 |       0 |  -nan
            +---------+---------+-------+---------+---------+-------
            +---------+---------+-------+---------+---------+-------
